 Dungeon Crawl Stone Soup version 0.19.0-9-gfd783f2 (webtiles) character file.

6080 Haldmier the Frost Mage (level 10, -4/68 HPs)
             Began as a High Elf Ice Elementalist on Nov 7, 2016.
             Was an Elder of Ashenzari.
             Slain by a four-headed hydra (5 damage)
             ... on level 1 of the Lair of Beasts.
             The game lasted 01:14:06 (12365 turns).

Haldmier the Frost Mage (HEIE)                     Turns: 12365, Time: 01:14:09

Health: -4/68      AC:  7    Str: 10    XL:     10   Next: 58%
Magic:  1/20       EV: 12    Int: 19    God:    Ashenzari [****..]
Gold:   470        SH:  0    Dex: 17    Spells: 7 memorised, 3 levels left

rFire  + . .     SeeInvis +     b - +0 short sword (venom)
rCold  . . .     Gourm    .     r - +0 leather armour
rNeg   . . .     Faith    .     (no shield)
rPois  .         Spirit   .     U - +0 helmet
rElec  .         Reflect  .     W - +1 cloak
rCorr  .         Harm     .     K - +0 pair of gloves
MR     +....     Clarity  +     (no boots)
Stlth  ++........               v - amulet of rage
                                i - ring of wizardry (curse)
                                A - ring of protection from fire (curse)

@: repel missiles
A: no striking features
a: Curse Item, Scrying, Renounce Religion, Evoke Berserk Rage


You were on level 1 of the Lair of Beasts.
You worshipped Ashenzari.
Ashenzari was greatly pleased with you.
You were hungry.

You visited 3 branches of the dungeon, and saw 12 of its levels.
You also visited: Sewer.

You collected 470 gold pieces.

Inventory:

Hand Weapons
 a - a +0 hunting sling
 b - a +0 short sword of venom (weapon)
 c - a +1 blowgun
 E - a +2 dagger of freezing
 H - a +1 short sword of holy wrath
 Z - a +0 falchion
Missiles
 d - 325 stones (quivered)
 h - 23 sling bullets
 x - 8 javelins of returning
 z - 87 poisoned needles
 G - 5 needles of sleeping
Armour
 r - a +0 leather armour (worn)
 K - a +0 pair of gloves (worn)
 U - a +0 helmet (worn)
 W - a +1 cloak (worn)
Jewellery
 i - a cursed ring of wizardry (right hand)
 u - a +2 ring of evasion
 v - an amulet of rage (around neck)
 A - a cursed ring of protection from fire (left hand)
Wands
 j - a wand of digging (7/24)
 n - a wand of acid (1/15)
 T - a wand of lightning (6/15)
Scrolls
 e - 4 scrolls of amnesia
 g - 2 scrolls of enchant weapon
 o - 5 scrolls of remove curse
 p - a scroll of magic mapping
 t - 2 scrolls of enchant armour {unknown}
 B - 2 scrolls of teleportation
 J - 2 scrolls of fog {unknown}
 P - 2 scrolls of fear {unknown}
 Q - 2 scrolls of recharging
 V - a scroll of noise {unknown}
Potions
 k - 4 potions of might
 l - a potion of resistance
 m - 3 potions of degeneration {unknown}
 q - a potion of agility
 D - 3 potions of ambrosia
 F - 8 potions of curing
 I - 4 potions of heal wounds
 L - a potion of brilliance
 O - a potion of invisibility
 Y - a potion of haste
Books
 s - a book of Minor Magic

   Spells                             Type                      Level
   a - Magic Dart                     Conjuration                  1
   b - Blink                          Translocation                2
   c - Call Imp                       Summoning                    2
   d - Repel Missiles                 Charms/Air                   2
   e - Slow                           Hexes                        2
   f - Conjure Flame                  Conjuration/Fire             3
   g - Mephitic Cloud                 Conjuration/Poison/Air       3
 S - a book of Frost

   Spells                             Type                      Level
   a - Freeze                         Ice                          1
   b - Throw Frost                    Conjuration/Ice              2
   c - Ozocubu's Armour               Charms/Ice                   3
   d - Throw Icicle                   Conjuration/Ice              4
   e - Summon Ice Beast               Ice/Summoning                4
Comestibles
 f - 7 meat rations
 y - 6 bread rations
 C - a royal jelly
 N - a fruit


   Skills:
 + Level 5.9 Fighting
 - Level 2.1 Dodging
 - Level 2.1 Stealth
 - Level 6.2 Spellcasting
 + Level 7.8(10.1) Conjurations
 - Level 6.4(8.8) Charms
 + Level 4.4(6.6) Summonings
 - Level 3.3(5.3) Translocations
 + Level 9.2(11.4) Ice Magic


You had 3 spell levels left.
You knew the following spells:

 Your Spells              Type           Power        Failure   Level  Hunger
a - Freeze                Ice            ####         1%          1    None
b - Throw Frost           Conj/Ice       #####.       1%          2    None
c - Ozocubu's Armour      Chrm/Ice       #####...     1%          3    ##.....
d - Blink                 Tloc           N/A          1%          2    None
e - Throw Icicle          Conj/Ice       #####...     1%          4    ####...
f - Repel Missiles        Chrm/Air       ###...       1%          2    None
g - Summon Ice Beast      Ice/Summ       #####...     1%          4    ####...


Dungeon Overview and Level Annotations

Branches:
Dungeon (10/15)            Temple (1/1) D:5            Lair (1/6) D:10
    Orc: D:9-12

Altars:
Ashenzari
Cheibriados
Dithmenos
Elyvilon
Fedhas
Gozag
Hepliaklqana
Kikubaaqudgha
Makhleb
Nemelex Xobeh
Okawaru
Qazlal
Ru
Sif Muna
Trog
Uskayaw
Vehumet
Xom
Yredelemnul
Zin
The Shining One


Message History

You blink.
A yak comes into view.
Casting: Blink
Confirm with . or Enter, or press ? or * to list all spells.
Aiming: Throw Icicle
Press: ? - help, Shift-Dir - straight line, f/p - four-headed hydra
Aim: a four-headed hydra (severely wounded)
The shard of ice hits the four-headed hydra.
The four-headed hydra is almost dead.
The four-headed hydra bites you! The four-headed hydra bites you.
The four-headed hydra bites you!
The four-headed hydra barely misses you.
Ashenzari keeps your mind clear.
The four-headed hydra completely misses you.
The four-headed hydra bites you!
* * * LOW HITPOINT WARNING * * *
The four-headed hydra bites you!
* * * LOW HITPOINT WARNING * * *
The four-headed hydra bites you.
You die...

, , , * #.#......### .#.P
#...#P#..... , .....####
##.....###.....
,.......P##....##*
#...#.. , .......... .#*
###...##. ,* .........**
#P...#.## , ,* ##.....##
##.##### , ,*##.......#
### .,*#......@# ,
#.,##....D## ,
#..#.....#.#
*#.......#### # , *
#..##....## ### # *## *
,, #.....### ##P####.##.
,
**###.....#####....##....
, ##.........#.......###
*
###.......##...........#


You could see a four-headed hydra.

Vanquished Creatures
  The ghost of Philosophy the Archer, a novice CeHu (D:6)
  A spiny frog (Lair:1)
  5 hippogriffs
  3 yaks (Lair:1)
  A hungry ghost (D:6)
  Duvessa (D:5)
  3 orc warriors
  2 ice beasts
  4 black bears
  A sky beast (D:8)
  6 ogres
  A phantom (D:9)
  6 centaurs
  A crocodile (Lair:1)
  A big kobold (Sewer)
  5 bullfrogs
  Dowan (D:5)
  A scorpion (D:6)
  An electric eel (D:6)
  3 bullfrog zombies
  2 crimson imps
  4 bullfrog skeletons
  2 hounds
  An orc priest (D:8)
  Ijyb (D:2)
  A jelly (D:7)
  6 orc wizards
  2 iguanas
  6 worker ants
  2 hound skeletons
  15 adders
  A river rat (D:6)
  2 shadow imps
  2 oozes
  4 adder zombies
  An adder skeleton (D:6)
  2 worms (D:3)
  3 dart slugs (D:1)
  A leopard gecko (D:2)
  33 orcs
  10 giant cockroaches
  13 goblins
  6 hobgoblins
  10 jackals
  21 kobolds
  4 quokkas
  7 ball pythons
  2 ball python skeletons
  10 bats
  4 frilled lizards
  A jackal skeleton (D:4)
  A quokka skeleton (D:5)
  10 rats
238 creatures vanquished.

Vanquished Creatures (collateral kills)
  2 yaks (Lair:1)
2 creatures vanquished.

Grand Total: 240 creatures vanquished

Notes
Turn   | Place    | Note
-------+----------+-------------------------------------------
     0 | D:1      | Haldmier the High Elf Ice Elementalist began the quest for the Orb.
     0 | D:1      | Reached XP level 1. HP: 11/11 MP: 4/4
   396 | D:1      | Reached XP level 2. HP: 17/17 MP: 3/6
   404 | D:1      | Learned a level 2 spell: Throw Frost
   677 | D:1      | Reached skill level 4 in Ice Magic
   713 | D:1      | Found a shattered altar of Ashenzari.
   733 | D:1      | Became a worshipper of Ashenzari the Shackled
   787 | D:1      | Reached XP level 3. HP: 21/21 MP: 5/7
   792 | D:1      | Learned a level 3 spell: Ozocubu's Armour
  1292 | D:2      | Noticed Ijyb
  1301 | D:2      | Killed Ijyb
  1301 | D:2      | Reached skill level 5 in Ice Magic
  1301 | D:2      | Reached XP level 4. HP: 15/27 MP: 3/8
  2228 | D:3      | Found a burning altar of Makhleb.
  2229 | D:3      | Noticed a blizzard demon
  2614 | D:3      | Reached XP level 5. HP: 31/31 MP: 7/9
  2738 | D:3      | Learned a level 2 spell: Blink
  3205 | D:4      | Noticed an ogre
  3246 | D:4      | Killed an ogre
  3246 | D:4      | Reached skill level 1 in Charms
  3246 | D:4      | Reached skill level 1 in Translocations
  3246 | D:4      | Reached skill level 6 in Ice Magic
  3246 | D:4      | Reached XP level 6. HP: 9/36 MP: 7/11
  3273 | D:5      | Entered Level 5 of the Dungeon
  3503 | D:5      | Found a staircase to the Ecumenical Temple.
  4567 | D:4      | Reached * piety under Ashenzari
  4706 | D:5      | Reached XP level 7. HP: 41/41 MP: 7/13
  4775 | D:5      | Noticed Duvessa
  4813 | D:5      | Killed Duvessa
  4831 | D:5      | Noticed Dowan
  4839 | D:5      | Killed Dowan
  5700 | D:5      | Learned a level 4 spell: Throw Icicle
  5703 | D:5      | Learned a level 2 spell: Repel Missiles
  5739 | Temple   | Entered the Ecumenical Temple
  6012 | D:6      | Reached XP level 8. HP: 43/46 MP: 15/15
  6056 | D:6      | Noticed Philosophy's ghost (novice CeHu)
  6207 | D:6      | Reached skill level 7 in Ice Magic
  6305 | D:6      | Found a glowing drain.
  6316 | Sewer    | Entered a sewer
  6330 | Sewer    | Reached skill level 1 in Fighting
  6442 | Sewer    | Reached ** piety under Ashenzari
  6879 | D:6      | Killed Philosophy's ghost
  6879 | D:6      | Reached skill level 5 in Spellcasting
  6879 | D:6      | Reached skill level 5 in Charms
  7223 | D:6      | Reached skill level 5 in Conjurations
  7764 | D:6      | Reached XP level 9. HP: 49/55 MP: 7/18
  7979 | D:6      | Found a deep blue altar of Sif Muna.
  8042 | D:6      | Identified Sif Muna's Disquisition on Boosts
  8133 | D:6      | Learned a level 4 spell: Summon Ice Beast
  8415 | D:7      | Reached skill level 1 in Summonings
  8421 | D:7      | Reached skill level 8 in Ice Magic
 10314 | D:9      | Reached *** piety under Ashenzari
 10328 | D:9      | Reached XP level 10. HP: 65/65 MP: 8/20
 10969 | D:9      | Reached skill level 5 in Fighting
 11042 | D:10     | Entered Level 10 of the Dungeon
 11590 | D:10     | Found a staircase to the Lair.
 11636 | Lair:1   | Entered Level 1 of the Lair of Beasts
 11640 | Lair:1   | Noticed a spiny frog
 11646 | Lair:1   | Killed a spiny frog
 11782 | Lair:1   | Reached skill level 9 in Ice Magic
 12342 | Lair:1   | Noticed a four-headed hydra
 12361 | Lair:1   | Reached **** piety under Ashenzari
 12365 | Lair:1   | HP: 1/68 [four-headed hydra (14)]
 12365 | Lair:1   | Slain by a four-headed hydra

Skill      XL: |  1  2  3  4  5  6  7  8  9 10 |
---------------+-------------------------------+-----
Ice Magic      | 4 5 6 7 8 9 |  9.2
Conjurations   | 2 3 5 6 7 |  7.8
Charms         | 1 2 3 5 6 |  6.4
Translocations | 1 2 3 |  3.3
Spellcasting   | 3 4 5 6 |  6.2
Fighting       | 2 4 5 |  5.9
Summonings     | 2 4 |  4.4
Dodging        | |  2.1
Stealth        | |  2.1

Action                   |  1- 3 |  4- 6 |  7- 9 | 10-12 || total
-------------------------+-------+-------+-------+-------++-------
Melee: Unarmed           |     4 |       |       |       ||     4
       Short sword       |       |     4 |    79 |    51 ||   134
 Fire: Hunting sling     |     6 |   126 |   162 |    59 ||   353
       Blowgun           |       |    12 |    41 |       ||    53
 Cast: Freeze            |    58 |    88 |   157 |    53 ||   356
       Blink             |       |     3 |    18 |     5 ||    26
       Ozocubu's Armour  |       |     2 |    18 |     8 ||    28
       Throw Frost       |       |     2 |       |     2 ||     4
       Repel Missiles    |       |       |     3 |     1 ||     4
       Throw Icicle      |       |       |    12 |    15 ||    27
       Summon Ice Beast  |       |       |       |     2 ||     2
Invok: Curse Item        |       |     2 |       |       ||     2
Evoke: Wand              |       |       |       |     1 ||     1
  Use: Potion            |       |     1 |     2 |       ||     3
       Scroll            |       |       |     6 |     9 ||    15
  Eat: Chunk             |     1 |    11 |    24 |     8 ||    44
Armor: Robe              |     8 |    11 |       |       ||    19
       Leather armour    |       |     2 |    98 |    39 ||   139
Dodge: Dodged            |    38 |    73 |   189 |    67 ||   367
       Deflected         |       |       |     5 |     1 ||     6
